 Dungeon Sprint DCSS version 0.30-a0-210-g01b79a254e (webtiles) character file.

Game seed: 9463768423945847522

69538 wilfster70 the Slayer (level 15, -1/126 HPs)
             Began as a Gargoyle Fighter on Oct 4, 2022.
             Was an Initiate of Gozag.
             Slain by Mennas
             ... wielding a +1 sacred scourge of holy wrath
              (11 damage)
             ... in the Dungeon (Sprint IX: "|||||||||||||||||||||||||||||").
             The game lasted 00:14:49 (3179 turns).

wilfster70 the Slayer (Gargoyle Fighter)            Turns: 3179, Time: 00:14:50

Health: -1/126     AC: 37    Str: 31    XL:     15   Next: 30%
Magic:  15/15      EV: 15    Int:  9    God:    Gozag
Gold:   3888       SH: 12    Dex:  9    Spells: 14/14 levels left

rFire   . . .      SeeInvis +    a - +3 war axe of Gozag's Grace {flame, *Rage rElec Str+4}
rCold   + . .      Faith    .    J - +3 warlock's mirror {reflect}
rNeg    + . .      Spirit   .    C - +4 troll leather armour of Kyhen Cunadgh {rPois Will+ Regen+ rCorr}
rPois   ∞          Reflect  +    v - +2 helmet {SInv}
rElec   +          Harm     .    G - +1 cloak
rCorr   +          Rampage  ∞    L - +1 pair of gloves {hurl}
Will    ++...      Rage     20%  K - +3 pair of seven-league boots {Rampage+∞}
Stlth   +......... NoTele   +    y - amulet of reflection
HPRegen 1.21/turn                m - +4 ring of slaying
MPRegen 0.14/turn                z - ring of protection from cold

@: on berserk cooldown, flying, glowing, silenced
A: sickness immunity, AC +11, big wings, negative energy resistance 1,
electricity resistance, torment resistance 1, petrification resistance
a: Renounce Religion


You were in the Dungeon.
You worshipped Gozag.
Gozag was most pleased with you.
You visited 1 branch You collected 17864 gold pieces.
You spent 6276 gold pieces at shops.
You paid 7700 gold pieces to Gozag.

Inventory:

Hand Weapons
 a - the +3 war axe of Gozag's Grace (weapon) {flame, *Rage rElec Str+4}
   (You found it in the Dungeon)

   It burns those it strikes, dealing additional fire damage.
   Big, fiery blades are also staple armaments of hydra-hunters.
   Str:       It affects your strength (+4).
   rElec:     It insulates you from electricity.
   *Rage:     It berserks you when you make melee attacks (+20% chance).
 b - a +4 broad axe
Missiles
 x - 3 throwing nets (quivered)
Armour
 c - a +0 kite shield of reflection
 v - a +2 helmet of see invisible (worn)
 C - the +4 troll leather armour of Kyhen Cunadgh (worn) {rPois Will+ Regen+ rCorr}
   (You bought it in a shop in the Dungeon)

   rPois:     It protects you from poison.
   Regen:     It increases your rate of health regeneration.
   rCorr:     It protects you from acid and corrosion.
   Will:      It increases your willpower.
 G - a +1 cloak (worn)
 J - the +3 warlock's mirror (worn) {reflect}
   (You bought it in a shop in the Dungeon)

   It can block and reflect piercing ranged attacks and magical attacks against
   the wielder's willpower.
 K - the +3 pair of seven-league boots (worn) {Rampage+∞}
   (You bought it in a shop in the Dungeon)

   Its wearer moves as far as possible in that direction when moving towards
   enemies.
 L - a +1 pair of gloves of hurling (worn)
Jewellery
 m - a +4 ring of slaying (left hand)
 y - an amulet of reflection (around neck)
 z - a ring of protection from cold (right hand)
 D - a ring of protection from fire
 E - a ring of protection from cold
Wands
 k - a wand of quicksilver (8)
 p - a wand of polymorph (9)
Scrolls
 i - 2 scrolls of amnesia
 j - 6 scrolls of blinking
 u - 2 scrolls of butterflies
Potions
 d - a potion of invisibility
 e - 6 potions of curing
 f - 6 potions of heal wounds
 g - 4 potions of haste
 h - 4 potions of magic
 n - 3 potions of might
 q - a potion of brilliance
 r - a potion of berserk rage
 s - 3 potions of mutation
 A - a potion of cancellation
 B - a potion of resistance
 H - a potion of attraction {unknown}
 I - a potion of lignification {unknown}
Miscellaneous
 t - a tin of tremorstones (2/2)


   Skills:
 + Level 26.6 Fighting
 - Level 16.0 Axes
 - Level 21.0 Armour
 - Level 12.0 Dodging
 - Level 4.0 Shields
 + Level 19.6 Evocations


You had 14 spell levels left.
You didn't know any spells.
Your spell library contained the following spells:

 Spells                   Type           Power      Damage    Failure   Level
 Wereblood                Tmut           0%         N/A       63%         2
 Summon Hydra             Summ           0%         N/A       100%        7
 Sublimation of Blood     Necr           Unusable   N/A       N/A         2

Dungeon Overview and Level Annotations

Branches:
Dungeon (1/1)

Altars:
Cheibriados
Dithmenos
Elyvilon
Fedhas
Gozag
Hepliaklqana
Kikubaaqudgha
Makhleb
Nemelex Xobeh
Okawaru
Qazlal
Ru
Sif Muna
Trog
Uskayaw
Vehumet
Wu Jian
Xom
Yredelemnul
Zin
The Shining One
Jiyva
Lugonu

Shops:
D [=!*=[:[[[[

Annotations:
D Mennas


Innate Abilities, Weirdness & Mutations

You are immune to sickness and miasma.
Your stone body is resilient. (AC +11)
You are immune to poison.
Your large and strong wings let you fly.
You resist negative energy. (rN+)
You are resistant to electric shocks. (rElec)
You are resistant to unholy torment.
You are immune to petrification.


Message History

You block Mennas's attack. Mennas hits you but does no damage.
Mennas hits you with a +1 sacred scourge of holy wrath!
* * * LOW HITPOINT WARNING * * *
You block Mennas's attack.
Mennas seems less brilliant.
Mennas hits you with a +1 sacred scourge of holy wrath!!
* * * LOW HITPOINT WARNING * * *
Mennas hits you but does no damage. x3
Mennas becomes audible again.
You block Mennas's attack. x2
Mennas barely misses you. Mennas hits you but does no damage.
Blink to where?
Press: ? - help, Dir - move target
As you read the scroll of blinking, it crumbles to dust.
Mennas gestures frantically.
Mennas's surroundings become eerily quiet.
Mennas hits you with a +1 sacred scourge of holy wrath.
* * * LOW HITPOINT WARNING * * *
Mennas hits you with a +1 sacred scourge of holy wrath!
* * * LOW HITPOINT WARNING * * *
Mennas becomes audible again.
Mennas hits you with a +1 sacred scourge of holy wrath.
* * * LOW HITPOINT WARNING * * *
Mennas closely misses you. Mennas attacks as you move away!
Mennas closely misses you. Mennas hits you but does no damage.
Mennas gestures frantically.
Mennas's surroundings become eerily quiet.
Mennas attacks as you move away! Mennas hits you but does no damage.
You block Mennas's attack.
You feel yourself speed up. Mennas closely misses you.
Mennas hits you but does no damage. x2
You block Mennas's attack. Mennas attacks as you move away!
Mennas hits you but does no damage. Mennas misses you.
Mennas attacks as you move away!
Mennas hits you with a +1 sacred scourge of holy wrath.
* * * LOW HITPOINT WARNING * * *
Mennas hits you with a +1 sacred scourge of holy wrath!
You die...
Your body crumbles into a pile of gold.

▓..)............................
▓▓▓▓▓▓▓▓▓▓▓▓▓▓▓▓▓▓▓▓▓▓▓▓♣♣♣♣♣♣♣♣
▓............'..))))..)'........
▓.▓▓▓▓▓▓▓▓▓▓▓▓▓▓▓▓▓▓▓▓▓▓♣♣♣♣♣♣♣♣
▓..........)....................
▓▓▓▓▓▓▓▓▓▓▓▓▓▓▓▓▓▓▓▓▓▓▓▓▓▓▓▓▓▓▓▓
▓.........'......[[[[[[)[[.[[)[[
▓.▓▓▓▓▓▓▓▓▓▓▓▓▓▓▓▓▓▓▓▓▓▓▓▓▓▓▓▓▓▓
▓..............@A...............
▓▓▓▓▓▓▓▓▓▓▓▓▓▓▓▓▓▓▓▓▓▓▓▓▓▓▓▓▓▓▓▓


You could see Mennas (silencing).

Vanquished Creatures
  Rupert (D)
  Frances (D)
  2 sphinxes (D)
  Agnes (D)
  Donald (D)
  4 vault wardens (D)
  3 frost giants (D)
  A ghost moth (shapeshifter) (D)
  An orc warlord (D)
  An ironbound preserver (D)
  3 very ugly things (D)
  3 stone giants (D)
  2 bunyips (D)
  2 eleionomae (D)
  A spark wasp (D)
  3 ettins (D)
  A merfolk impaler (D)
  A merfolk javelineer (D)
  Josephine (D)
  A great orb of eyes (D)
  An entropy weaver (D)
  Erolcha (D)
  2 fire dragons (D)
  Harold (D)
  A salamander tyrant (D)
  An ice dragon (D)
  3 hydras (D)
  A catoblepas (D)
  An anaconda (D)
  3 centaur warriors (D)
  A boulder beetle (D)
  4 ogre magi (D)
  A merfolk aquamancer (D)
  An ironbound frostheart (D)
  A radroach (D)
  6 two-headed ogres (D)
  A deep troll earth mage (D)
  A deep troll shaman (D)
  A shock serpent (D)
  A spriggan berserker (D)
  2 steelbarb worms (D)
  A skeletal warrior (D)
  A pharaoh ant (D)
  A spriggan druid (D)
  A naga ritualist (D)
  A bog body (D)
  A glowing orange brain (D)
  An orb spider (D)
  2 ironbound convokers (D)
  2 wizards (D)
  A harpy (D)
  A necromancer (D)
  2 lindwurms (D)
  2 orc knights (D)
  A cyclops (D)
  3 manticores (D)
  2 black mambas (D)
  A merfolk siren (D)
  4 vault sentinels (D)
  2 naga magi (D)
  A guardian serpent (D)
  3 cane toads (D)
  2 demonic crawlers (D)
  Psyche (D)
  2 komodo dragons (D)
  2 yaktaurs (D)
  A rime drake (D)
  A tyrant leech (D)
  5 polar bears (D)
  A tarantella (D)
  A dream sheep (D)
  A snapping turtle (D)
  4 wraiths (D)
  6 yaks (D)
  2 vampire mosquitoes (D)
  3 water moccasins (D)
  2 floating eyes (D)
  3 black bears (D)
  11 orc warriors (D)
  6 ogres (D)
  3 centaurs (D)
  4 bullfrogs (D)
  A scorpion (D)
  2 hounds (D)
  4 orc priests (D)
  An iguana (D)
  2 orc wizards (D)
  7 orcs (D)
  A giant cockroach (D)
  2 goblins (D)
  2 quokkas (D)
186 creatures vanquished.

Vanquished Creatures (others)
  A cane toad (D)
  A merfolk (D)
2 creatures vanquished.

Grand Total: 188 creatures vanquished

Notes
Turn   | Place    | Note
-------+----------+-------------------------------------------
     0 | D        | wilfster70 the Gargoyle Fighter began the quest for the
                  | Orb.
     0 | D        | Reached XP level 1. HP: 14/14 MP: 1/1
    19 | D        | Reached XP level 2. HP: 17/20 MP: 2/2
    33 | D        | Noticed an ogre
    33 | D        | Noticed a scorpion
    42 | D        | Reached skill level 4 in Fighting
    42 | D        | Reached XP level 3. HP: 18/24 MP: 3/3
    45 | D        | Reached skill level 5 in Fighting
    45 | D        | Reached skill level 5 in Axes
    45 | D        | Reached skill level 5 in Armour
    45 | D        | Reached XP level 4. HP: 24/31 MP: 4/4
    56 | D        | Killed a scorpion
    57 | D        | Reached skill level 6 in Fighting
    57 | D        | Reached XP level 5. HP: 37/37 MP: 5/5
    58 | D        | Killed an ogre
    59 | D        | Reached skill level 7 in Fighting
    59 | D        | Reached XP level 6. HP: 37/44 MP: 6/6
    64 | D        | Found a snail-covered altar of Cheibriados.
    64 | D        | Found a shadowy altar of Dithmenos.
    64 | D        | Found a white marble altar of Elyvilon.
    64 | D        | Found a blossoming altar of Fedhas.
    64 | D        | Found an opulent altar of Gozag.
    65 | D        | Found a hazy altar of Hepliaklqana.
    66 | D        | Found a viscous altar of Jiyva.
    67 | D        | Found an ancient bone altar of Kikubaaqudgha.
    68 | D        | Found a corrupted altar of Lugonu.
    69 | D        | Found a burning altar of Makhleb.
    70 | D        | Found a sparkling altar of Nemelex Xobeh.
    71 | D        | Found an iron altar of Okawaru.
    72 | D        | Became a worshipper of Gozag Ym Sagoz the Greedy
    73 | D        | Found a stormy altar of Qazlal.
    74 | D        | Found a sacrificial altar of Ru.
    75 | D        | Found a shimmering blue altar of Sif Muna.
    76 | D        | Found a bloodstained altar of Trog.
    77 | D        | Found a hide-covered altar of Uskayaw.
    78 | D        | Found a radiant altar of Vehumet.
    79 | D        | Found an ornate altar of the Wu Jian Council.
    80 | D        | Found a shimmering altar of Xom.
    81 | D        | Found a basalt altar of Yredelemnul.
    82 | D        | Found a glowing silver altar of Zin.
    83 | D        | Found a glowing golden altar of the Shining One.
    99 | D        | Got the +3 war axe of Gozag's Grace {flame, *Rage rElec
                  | Str+4}
   135 | D        | Noticed a yak
   135 | D        | Noticed a two-headed ogre
   135 | D        | Noticed a yak
   135 | D        | Noticed a komodo dragon
   144 | D        | Killed a komodo dragon
   145 | D        | Reached skill level 8 in Fighting
   145 | D        | Reached XP level 7. HP: 50/50 MP: 7/7
   149 | D        | Killed a yak
   150 | D        | Reached skill level 9 in Fighting
   150 | D        | Reached skill level 10 in Axes
   154 | D        | Killed a two-headed ogre
   155 | D        | Reached skill level 10 in Fighting
   155 | D        | Reached skill level 10 in Armour
   155 | D        | Reached XP level 8. HP: 35/58 MP: 8/8
   171 | D        | Killed a yak
   299 | D        | Noticed a cyclops
   299 | D        | Noticed a komodo dragon
   307 | D        | Reached skill level 11 in Fighting
   310 | D        | Reached XP level 9. HP: 64/64 MP: 9/9
   314 | D        | Killed a komodo dragon
   323 | D        | Killed a cyclops
   324 | D        | Reached skill level 12 in Fighting
   395 | D        | Noticed Psyche
   401 | D        | Killed Psyche
   464 | D        | Noticed a cane toad
   472 | D        | Killed a cane toad
   476 | D        | Reached XP level 10. HP: 72/72 MP: 10/10
   491 | D        | Reached skill level 13 in Fighting
   491 | D        | Reached skill level 15 in Axes
   532 | D        | Bought a runed helmet for 165 gold pieces
   532 | D        | Bought a pair of glowing boots for 165 gold pieces
   548 | D        | Bought an encrusted chain mail for 209 gold pieces
   548 | D        | Identified the +5 chain mail of the Shining Light {rPois}
                  | (You bought it in a shop in the Dungeon)
   569 | D        | Noticed a catoblepas
   569 | D        | Noticed a cane toad
   569 | D        | Noticed a cane toad
   573 | D        | Killed a cane toad
   577 | D        | Killed a cane toad
   578 | D        | Noticed a cane toad
   590 | D        | Killed a catoblepas
   592 | D        | Reached skill level 14 in Fighting
   603 | D        | Killed a cane toad
   662 | D        | Reached skill level 15 in Fighting
   665 | D        | Reached skill level 15 in Armour
   665 | D        | Reached XP level 11. HP: 81/81 MP: 11/11
   842 | D        | Noticed an orc knight
   857 | D        | Killed an orc knight
   858 | D        | Reached skill level 1 in Evocations
   874 | D        | Reached skill level 16 in Fighting
  1223 | D        | Noticed an orc knight
  1241 | D        | Killed an orc knight
  1301 | D        | Found Hydicuwo's Armour Boutique.
  1301 | D        | Noticed a two-headed ogre
  1301 | D        | Noticed an ogre mage
  1319 | D        | Killed an ogre mage
  1320 | D        | Reached skill level 5 in Evocations
  1322 | D        | Killed a two-headed ogre
  1326 | D        | Reached skill level 17 in Fighting
  1338 | D        | Noticed an ogre mage
  1352 | D        | Paralysed by an ogre mage for 5 turns
  1357 | D        | Killed an ogre mage
  1426 | D        | Noticed a two-headed ogre
  1433 | D        | Killed a two-headed ogre
  1454 | D        | Found Qicuir's Jewellery Shop.
  1454 | D        | Noticed a two-headed ogre
  1455 | D        | Found Isazuttu's Assorted Antiques.
  1455 | D        | Noticed an ogre mage
  1456 | D        | Found Deeqevaq's Distillery.
  1456 | D        | Noticed a two-headed ogre
  1461 | D        | Killed a two-headed ogre
  1465 | D        | Killed an ogre mage
  1466 | D        | Reached XP level 12. HP: 92/92 MP: 12/12
  1468 | D        | Killed a two-headed ogre
  1468 | D        | Noticed a two-headed ogre
  1470 | D        | Reached skill level 18 in Fighting
  1481 | D        | Killed a two-headed ogre
  1528 | D        | Bought a tin of tremorstones (2/2) for 920 gold pieces
  1528 | D        | Bought a scroll labelled DEOWABR SOCSIU for 23 gold pieces
  1530 | D        | Bought a potion of cancellation for 96 gold pieces
  1530 | D        | Bought a potion of resistance for 120 gold pieces
  1530 | D        | Bought 2 potions of might for 96 gold pieces
  1530 | D        | Bought a potion of curing for 36 gold pieces
  1536 | D        | Bought the +4 troll leather armour of Kyhen Cunadgh {rPois
                  | Will+ Regen+ rCorr} for 631 gold pieces
  1575 | D        | Bought a +4 ring of slaying for 858 gold pieces
  1622 | D        | Bought an amulet of reflection for 570 gold pieces
  1681 | D        | Noticed Josephine
  1686 | D        | Killed Josephine
  1803 | D        | Noticed a centaur warrior
  1803 | D        | Noticed a centaur warrior
  1803 | D        | Noticed an ogre mage
  1803 | D        | Noticed a boulder beetle
  1803 | D        | Noticed a centaur warrior
  1804 | D        | Noticed a five-headed hydra
  1809 | D        | Killed a centaur warrior
  1810 | D        | Noticed a white very ugly thing
  1812 | D        | Killed an ogre mage
  1816 | D        | Killed a centaur warrior
  1818 | D        | Noticed a stone giant
  1823 | D        | Noticed a stone giant
  1828 | D        | Killed a boulder beetle
  1829 | D        | Reached skill level 19 in Fighting
  1833 | D        | Killed a centaur warrior
  1834 | D        | Reached skill level 10 in Evocations
  1834 | D        | Noticed a purple very ugly thing
  1845 | D        | Killed a one-headed hydra
  1851 | D        | Noticed a fire dragon
  1852 | D        | Killed a white very ugly thing
  1865 | D        | Killed a stone giant
  1876 | D        | Killed a stone giant
  1883 | D        | Killed a purple very ugly thing
  1887 | D        | Noticed a frost giant
  1892 | D        | Reached skill level 20 in Fighting
  1892 | D        | Reached XP level 13. HP: 101/101 MP: 13/13
  1899 | D        | Killed a fire dragon
  1913 | D        | Killed a frost giant
  1991 | D        | Noticed Agnes
  2001 | D        | Killed Agnes
  2070 | D        | Noticed Erolcha
  2071 | D        | Noticed Frances
  2079 | D        | Killed Erolcha
  2092 | D        | Noticed Harold
  2100 | D        | Killed Frances
  2108 | D        | Killed Harold
  2109 | D        | Reached skill level 21 in Fighting
  2179 | D        | Reached skill level 1 in Dodging
  2240 | D        | Noticed an entropy weaver
  2275 | D        | Reached skill level 5 in Dodging
  2277 | D        | Killed an entropy weaver
  2278 | D        | Reached skill level 22 in Fighting
  2327 | D        | Noticed a bunyip
  2327 | D        | Noticed a bunyip
  2348 | D        | Killed a bunyip
  2349 | D        | Noticed an eleionoma
  2354 | D        | Gained mutation: Your large and strong wings let you fly.
                  | [Gargoyle growth]
  2354 | D        | Reached XP level 14. HP: 112/112 MP: 14/14
  2354 | D        | Noticed an eleionoma
  2362 | D        | Killed an eleionoma
  2363 | D        | Reached skill level 15 in Evocations
  2369 | D        | Killed an eleionoma
  2405 | D        | Bought the +3 warlock's mirror {reflect} for 440 gold
                  | pieces
  2405 | D        | Found the +3 warlock's mirror {reflect}
  2446 | D        | Reached skill level 23 in Fighting
  2512 | D        | Noticed Donald
  2522 | D        | Killed Donald
  2633 | D        | Noticed a stone giant
  2634 | D        | Paralysed by a floating eye for 2 turns
  2642 | D        | Noticed a frost giant
  2646 | D        | Paralysed by a floating eye for 4 turns
  2655 | D        | Killed a stone giant
  2658 | D        | Noticed a sphinx
  2659 | D        | Noticed a sphinx
  2661 | D        | Reached skill level 10 in Dodging
  2668 | D        | Killed a frost giant
  2669 | D        | Reached skill level 24 in Fighting
  2672 | D        | Noticed a frost giant
  2678 | D        | a spark wasp changed into a ghost moth
  2678 | D        | Noticed a ghost moth (glowing shapeshifter)
  2684 | D        | Killed a ghost moth
  2692 | D        | Killed a sphinx
  2700 | D        | Killed a sphinx
  2713 | D        | Killed a frost giant
  2902 | D        | Noticed a vault warden
  2904 | D        | Noticed a vault warden
  2910 | D        | Reached skill level 25 in Fighting
  2910 | D        | Noticed a purple very ugly thing
  2919 | D        | Noticed an orc warlord
  2919 | D        | Killed a vault warden
  2928 | D        | Killed a vault warden
  2933 | D        | Reached XP level 15. HP: 97/124 MP: 15/15
  2933 | D        | Noticed a vault warden
  2957 | D        | Killed an orc warlord
  2965 | D        | Killed a vault warden
  2966 | D        | Noticed a vault warden
  2993 | D        | Reached skill level 26 in Fighting
  2999 | D        | Killed a vault warden
  3049 | D        | Bought the +3 pair of seven-league boots {Rampage+∞} for
                  | 1640 gold pieces
  3049 | D        | Found the +3 pair of seven-league boots {Rampage+∞}
  3049 | D        | Bought a pair of glowing gloves for 307 gold pieces
  3139 | D        | Noticed Rupert
  3140 | D        | Noticed Mennas
  3150 | D        | Killed Rupert
  3179 | D        | Slain by Mennas

Illustrated notes

Levels and vault maps discovered:
D:        linesprint [early_d, line_temple, items_1, d_10, items_2, lair_1,
          lair_end, items_3, orc_1, orc_end, items_4, d_15, swamp_1, shoals_1,
          snake_1, spider_1, d_20, vaults_1, items_5, swamp_end, shoals_end,
          snake_end, spider_end, vaults_end, d_27, items_6, zot_1, zot_end,
          crypt_end, forest_end, elf_end, slime_end, tomb_end, abyss_end,
          pan_hell_end]

Skill      XL: |  1  2  3  4  5  6  7  8  9 10 11 12 13 14 15 |
---------------+----------------------------------------------+-----
Axes           | 2 4 5 6 7 9 11 12 14 16 | 16.0
Fighting       | 4 5 6 7 8 10 11 12 15 17 20 22 25 26 | 26.6
Armour         | 4 5 6 7 8 10 11 12 15 17 20 21 | 21.0
Shields        | 4 |  4.0
Evocations     | 7 11 14 18 19 | 19.6
Dodging        | 7 12 | 12.0

Action                   |  1- 3 |  4- 6 |  7- 9 | 10-12 | 13-15 || total
-------------------------+-------+-------+-------+-------+-------++-------
Melee: War axe           |    25 |    19 |    56 |   292 |   445 ||   837
Invok: Call Merchant     |       |       |     1 |     2 |     4 ||     7
Evoke: Wand              |       |       |     2 |       |       ||     2
       Tin of tremorston |       |       |       |       |     2 ||     2
  Use: Potion            |     1 |     2 |       |       |       ||     3
       Scroll            |       |       |       |     8 |     1 ||     9
 Stab: Distracted        |       |       |     2 |     6 |     6 ||    14
       Petrifying        |       |       |       |     1 |       ||     1
       Petrified         |       |       |       |     1 |       ||     1
Armor: Scale mail        |    10 |     4 |       |       |       ||    14
       Chain mail        |       |     1 |    29 |    49 |       ||    79
       Troll leather arm |       |       |       |    42 |   154 ||   196
Dodge: Dodged            |    11 |     7 |    20 |    56 |    86 ||   180
Block: Buckler           |     4 |    10 |     8 |    32 |   134 ||   188
       Reflection        |       |       |       |       |     8 ||     8

Table legend: (Time is in decaauts)
 A = Elapsed time spent in this place.
 B = Non-inter-level travel time spent in this place.
 C = Inter-level travel time spent in this place.
 D = Time resting spent in this place.
 E = Time spent auto-exploring this place.
 F = Levels seen in this place.
 G = Mean time per level.
                   A        B        C        D        E       F      G
               +--------+--------+--------+--------+--------+-----+--------+
         Total |   3204 |   3204 |      0 |    822 |    379 |   1 | 3204.0 |
       Dungeon |   3204 |   3204 |      0 |    822 |    379 |   1 | 3204.0 |
               +--------+--------+--------+--------+--------+-----+--------+

Top non-repeatable levels by time:
       D: 3204 daAuts
